cohdb
Replays
Latest Replays
All Replays
Popular Replays
Top Player Replays
Match Explorer
How It Works
Community
CoH3 Stats
Reddit
Sign in to upload your games and track your stats! →
Sign in with Steam
Match 43260460
Unlisted
Match 43260460
Overview
Messages
Build Orders
End
250 Light Carrier
250 Light Carrier
Selects Armored Support Battlegroup
Panzerpioneer Squad
Construct Light Support Kompanie
Combat Half-tracks
Selects Veteran Gunners
250 Light Carrier
Construct Mechanized Kompanie
250 Light Carrier
Vehicle Survival Package
250 Light Carrier
Tungsten Core Ammunition
Construct Panzerarmee Kommand
Selects Flammpanzer III Medium Tank
Panzer III L Medium Tank
250 Light Carrier
Panzer III L Medium Tank
Emergency Repair Kits
Selects Command Panzer IV F Medium Tank
Selects Salvage Kits
Command Panzer IV F Medium Tank
Rapid Advance
Panzer III L Medium Tank
Advanced Optics
Selects Panzer Storm
Panzer III L Medium Tank
Panzer Storm
Flak 36 Anti-tank Gun Team
Panzerpioneer Squad
Panzer Storm
Selects Stuka Anti-tank Loiter
Command Panzer IV F Medium Tank
Stuka Anti-tank Loiter
Panzer III L Medium Tank
Assault Mechanized Group
Command Panzer IV F Medium Tank
Assault Grenadier Squad
Stuka Anti-tank Loiter
SSSS
划水之王
Freak_sev
Constantine
Serial Chiller
HOTSHOT
quantqum jump
forcz
0
0
Comments
sign in to comment!
No comments posted yet!